 Dungeon Crawl Stone Soup version 0.21.1-1-g345015fe64 (webtiles) character file.

189122 Htamos the Slayer (level 18, -6/189 HPs)
             Began as a Hill Orc Fighter on July 6, 2018.
             Was the Champion of Beogh.
             Hit by a large rock thrown by a cyclops (30 damage)
             ... on level 2 of the Vaults.
             The game lasted 02:50:17 (31942 turns).

Htamos the Slayer (Hill Orc Fighter)               Turns: 31942, Time: 02:50:19

Health: -6/189     AC: 31    Str: 27    XL:     18   Next: 12%
Magic:  23/23      EV:  8    Int:  8    God:    Beogh [******]
Gold:   1012       SH:  0    Dex: 15    Spells: 17/17 levels left

rFire    x . .     SeeInvis .   Q - +5 battleaxe (venom)
rCold    + . .     Gourm    .   (shield currently unavailable)
rNeg     . . .     Faith    .   U - +1 plate armour
rPois    +         Spirit   .   e - +2 helmet
rElec    .         Reflect  .   O - +2 cloak {+Inv}
rCorr    +         Harm     .   S - +2 pair of gloves
MR       ++...     NoTele   +   R - +0 pair of boots
Stlth    ..........             y - amulet of regeneration
HPRegen  0.81/turn              N - ring of the Magpie {Ice -Tele +Fly rPois MR+}
MPRegen  0.18/turn              q - ring of resist corrosion

@: confused, mighty
A: walk on water
}: 1/15 runes: gossamer
a: Smiting, Recall Orcish Followers, Give Item to Named Follower, Resurrection,
Renounce Religion, Evoke Invisibility, Evoke Flight


You were on level 2 of the Vaults.
You worshipped Beogh.
Beogh was exalted by your worship.
You were hungry.

You visited 6 branches of the dungeon, and saw 32 of its levels.
You also visited: Bailey.

You collected 2698 gold pieces.
You spent 1686 gold pieces at shops.

Inventory:

Hand Weapons
 o - a +1 antimagic spear
 E - a +5 battleaxe
 M - a +4 battleaxe
 Q - a +5 battleaxe of venom (weapon)
Armour
 e - a +2 helmet (worn)
 h - a scarf of repulsion
 I - the +3 chain mail of Vekig {rPois rC- Int+2}
   (You bought it in a shop on level 13 of the Dungeon)

   It affects your intelligence (+2).
   It makes you vulnerable to cold.
   It protects you from poison.
 O - a +2 cloak of invisibility (worn)
 P - the +0 chain mail "Cuomoib" {rPois rF+ rN+ SInv}
   (You found it on level 4 of the Lair of Beasts)

   It protects you from fire.
   It protects you from poison.
   It protects you from negative energy.
   It lets you see invisible.
 R - a +0 pair of boots (worn)
 S - a +2 pair of gloves (worn)
 U - a +1 plate armour (worn)
 X - a +2 chain mail of poison resistance
Jewellery
 a - an uncursed ring of protection from fire
 c - an uncursed ring of poison resistance
 q - a ring of resist corrosion (right hand)
 y - an amulet of regeneration (around neck)
 L - a +3 ring of intelligence
 N - the ring of the Magpie (left hand) {Ice -Tele +Fly rPois MR+}
   (You found it on level 9 of the Dungeon)

   [ring of ice]

   It enhances your ice magic.
   It makes you vulnerable to fire.
   It protects you from cold.
   It protects you from poison.
   It affects your resistance to hostile enchantments.
   It lets you fly.
   It prevents most forms of teleportation.
Wands
 g - a wand of flame (140)
 t - a wand of disintegration (29)
 v - a wand of polymorph (27)
 z - a wand of iceblast (17)
 H - a wand of digging (10)
 Y - a wand of enslavement (9)
Scrolls
 i - a scroll of fog
 m - 6 scrolls of immolation
 p - 15 scrolls of teleportation
 x - 12 scrolls of remove curse
 B - 4 scrolls of magic mapping
 K - a scroll of amnesia
 T - 2 scrolls of fear
 V - a scroll of torment {unknown}
Potions
 b - 6 potions of haste
 d - a potion of might
 j - 4 potions of resistance
 k - 2 potions of cancellation
 l - 4 potions of agility
 n - 5 potions of magic
 r - 6 potions of curing
 u - a potion of mutation
 w - 3 potions of lignification
 A - 8 potions of flight
 C - 9 potions of brilliance
 D - 3 potions of berserk rage {unknown}
 F - a potion of ambrosia
 W - 2 potions of invisibility
Miscellaneous
 J - a fan of gales
 Z - a lightning rod (4/4)
Comestibles
 f - 36 rations
 s - 4 chunks of flesh


   Skills:
 * Level 23.4 Fighting
 - Level 20.0 Axes
 - Level 0.1(11.6) Polearms
 + Level 2.8 Throwing
 + Level 16.8 Armour
   Level 3.6 Shields
 + Level 7.5 Invocations


You had 17 spell levels left.
You didn't know any spells.

Dungeon Overview and Level Annotations

Branches:
Dungeon (14/15)            Temple (0/1) D:5            Lair (6/6) D:8
  Swamp (4/4) Lair:4       Spider (4/4) Lair:2        Slime (0/5) Lair:5
    Orc (2/2) D:10            Elf (0/3) Orc:2        Vaults (2/5) D:14
  Crypt: Vaults:2-3

Altars:
Dithmenos
Gozag
Hepliaklqana
Nemelex Xobeh
Ru
Trog
Yredelemnul
Zin
Beogh

Shops:
D:7 :   D:13 %:(=[   Orc:2 ([}(*   Vaults:1 *[:

Annotations:
D:12 Nergalle
Lair:5 exclusion: 3 oklob plants
Swamp:4 Lernaean hydra


Message History

The cyclops throws a large rock.
The large rock hits you but does no damage.
You see here a large rock.
The stone giant throws a large rock.
The large rock hits you!
* * * LOW HITPOINT WARNING * * *
The deep elf archer shoots an arrow.
The arrow hits you but does no damage.
Things that are here:
an arrow; a large rock You are feeling hungry.
The stone giant throws a large rock.
The large rock hits you!
* * * LOW HITPOINT WARNING * * *
Items here: ( ) [[ a large rock; a +0 troll leather armour; a dire flail; a ring mail You are confused.
You feel invigorated.
The stone giant throws a large rock.
The large rock hits you but does no damage.
Rocco hits the deep elf archer with an enchanted dire flail!
The vault sentinel blows a loud note on a signal horn!
The cyclops throws a large rock.
The large rock hits you!!
You die...

........#......#.................
........#......#.................
.(......#......#.....####........
........'..>...#.o...# #........
........#......#ep.### ###......
........#......#CC(# #......
........#......#(#)# ###....
........#......#(#Ce# #....
........#......#@#..# #....
........########.###* ###....
...................#.. #......
...................###. ###...###
...†.................#p.#.....#
.....................####.....#
...........................)..#
..............................#
........#########.............#


You could see a stone giant, a vault sentinel, a deep elf archer, a cyclops and
the friendly Rocco the orc knight.

Vanquished Creatures
  A tentacled monstrosity (Swamp:1)
  7 ghost moths
  4 emperor scorpions
  A vault warden (Vaults:2)
  A stone giant (Vaults:1)
  2 ironheart preservers
  An entropy weaver (Spider:1)
  A spark wasp (Spider:4)
  A yaktaur captain (Vaults:1)
  3 ogre magi
  4 hydras
  A vault guard (D:14)
  A death knight (Vaults:2)
  A centaur warrior (D:14)
  5 two-headed ogres (Vaults:1)
  5 alligators
  A deep troll shaman (Vaults:2)
  2 death yaks (Lair:5)
  A tengu warrior (D:12)
  Sonja (D:12)
  A shadow wraith (Vaults:2)
  A spriggan druid (Swamp:3)
  A deep troll (Vaults:2)
  4 swamp dragons
  2 unseen horrors
  A wizard (Vaults:1)
  3 orc knights
  19 orb spiders
  An ugly thing (D:12)
  19 wolf spiders
  2 orc sorcerers
  A cyclops (D:12)
  2 moths of wrath
  A manticore (D:12)
  Maurice (Orc:2)
  Joseph (D:8)
  5 black mambas
  Psyche (D:9)
  A torpor snail (Spider:1)
  8 demonic crawlers
  A rime drake (Lair:3)
  A komodo dragon (Lair:5)
  A yaktaur (Vaults:2)
  14 spiny frogs
  A tengu conjurer (D:12)
  5 trolls
  A polar bear (Lair:3)
  The ghost of RepoMan the Ruffian, an amateur DrTm (D:4)
  12 slime creatures
  13 blink frogs
  16 jumping spiders
  5 tyrant leeches
  21 hornets
  2 bog bodies (Swamp:2)
  5 dream sheep
  Prince Ribbit (D:8)
  7 hippogriffs
  A vampire (D:14)
  A yak (shapeshifter) (Vaults:1)
  3 shadows
  2 wraiths
  58 redbacks
  3 spriggans (Swamp:3)
  23 tarantellas
  2 wyverns
  Sigmund (D:5)
  A wyvern (shapeshifter) (Vaults:2)
  A human (shapeshifter) (Vaults:1)
  A hungry ghost (D:9)
  12 yaks
  A basilisk (shapeshifter) (Vaults:1)
  10 vampire mosquitoes
  6 swamp worms
  A soldier ant (D:13)
  2 wargs
  6 water moccasins
  4 insubstantial wisps
  An acid dragon (Vaults:2)
  5 swamp drakes
  3 porcupines
  2 phantoms
  3 sky beasts
  10 orc warriors
  4 ice beasts
  A necrophage (D:11)
  A boggart (Vaults:1)
  3 wolves (Lair:2)
  10 ogres
  10 centaurs
  An elf simulacrum (Vaults:1)
  4 crocodiles
  11 bullfrogs
  7 scorpions
  13 killer bees
  9 wights
  A vampire bat (D:5)
  2 electric eels
  A howler monkey (D:7)
  8 crimson imps
  3 bullfrog zombies
  A centaur zombie (D:8)
  2 jellies
  A quasit (D:5)
  3 centaur skeletons
  10 hounds
  9 orc wizards
  Crazy Yiuf (D:2)
  6 orc priests
  2 bullfrog skeletons
  A gnoll shaman (D:9)
  3 iguanas
  7 worker ants
  Natasha (thrice) (D:4)
  2 hound skeletons
  A hound zombie (D:5)
  17 gnolls
  13 adders
  A shadow imp (D:6)
  An adder skeleton (D:9)
  2 worms
  3 dart slugs
  3 fire bats (D:5)
  3 leopard geckos
  30 orcs
  2 spectral bats (D:5)
  3 bat skeletons (D:5)
  A bat zombie (D:5)
  3 giant cockroaches
  13 goblins
  12 hobgoblins
  9 jackals
  23 kobolds
  5 quokkas
  A ball python (D:6)
  17 bats
  A bat simulacrum (D:5)
  3 frilled lizards
  A leopard gecko skeleton (D:6)
  A leopard gecko zombie (D:7)
  12 rats
  A spectral orc (D:2)
  4 fungi
  3 plants
718 creatures vanquished.

Vanquished Creatures (collateral kills)
  Nikola (Spider:1)
  A tentacled monstrosity (Swamp:4)
  Frances (Swamp:1)
  A thorn hunter (Swamp:3)
  2 orc warlords
  Kirke (Swamp:2)
  Donald (Swamp:2)
  Roxanne (Spider:2)
  An ironheart preserver (Vaults:2)
  4 entropy weavers
  Nessos (D:12)
  The ghost of Worldyogurt the Fighter, a journeyman DsFi of Makhleb (Lair:6)
  An orc knight (Swamp:3)
  2 yaktaur captains (Vaults:1)
  14 hydras
  An ogre mage (Vaults:1)
  3 vault guards (D:14)
  A death knight (D:14)
  2 alligators (Swamp:1)
  4 two-headed ogres
  Urug (D:13)
  2 death yaks (Lair:5)
  The ghost of martinkus the Cruncher, a novice GrFi of Okawaru (Lair:1)
  A spriggan (Swamp:3)
  An orc high priest (Orc:2)
  A glowing orange brain (Vaults:2)
  3 swamp dragons
  An ironbrand convoker (Vaults:1)
  9 orb spiders
  14 wolf spiders
  2 orc sorcerers
  An ugly thing (D:11)
  A cyclops (D:11)
  A vault sentinel (Vaults:1)
  2 torpor snails
  2 black mambas
  2 gargoyles (D:14)
  22 spiny frogs
  2 centaur skeletons
  A kobold demonologist (D:13)
  7 komodo dragons
  An efreet (D:14)
  3 freezing wraiths (D:14)
  8 demonic crawlers
  A troll (D:14)
  A tengu conjurer (D:14)
  23 jumping spiders
  6 hornets
  A queen bee (Lair:2)
  5 tyrant leeches
  2 bog bodies (Swamp:3)
  7 dream sheep
  6 slime creatures
  27 blink frogs
  3 hippogriffs
  18 tarantellas
  2 shadows
  46 redbacks
  3 wyverns
  A basilisk (shapeshifter) (Vaults:1)
  3 basilisks
  20 yaks
  2 wraiths (D:14)
  3 hogs (Swamp:2)
  8 vampire mosquitoes
  5 wargs
  7 insubstantial wisps
  8 swamp worms
  2 acid dragons
  8 water moccasins
  A soldier ant (D:12)
  3 porcupines
  5 swamp drakes
  A sky beast (D:11)
  10 orc warriors
  A phantom (D:13)
  6 ogres
  A wolf (Lair:2)
  7 centaurs
  6 crocodiles
  A big kobold (D:10)
  18 bullfrogs
  13 killer bees (Lair:2)
  4 wights (D:12)
  2 electric eels
  A howler monkey (D:14)
  A quasit (D:14)
  5 orc priests
  A hound (D:13)
  An orc wizard (Orc:2)
  2 jellies
  2 worker ants
  A gnoll (Bailey)
  An adder (D:11)
  2 shadow imps (D:12)
  8 orcs
  A goblin (Bailey)
  3 kobolds
  26 fungi
  46 plants
531 creatures vanquished.

Vanquished Creatures (others)
  An orc sorcerer (Spider:2)
  19 orc knights
  Nergalle (D:12)
  A spriggan druid (Swamp:4)
  21 orc priests
  19 orc warriors
  A human (Swamp:2)
  14 orc wizards
  64 orcs
  10 fungi
  40 plants
191 creatures vanquished.

Grand Total: 1440 creatures vanquished

Notes
Turn   | Place    | Note
-------+----------+-------------------------------------------
     0 | D:1      | Htamos the Hill Orc Fighter began the quest for the Orb.
     0 | D:1      | Reached XP level 1. HP: 19/19 MP: 1/1
     6 | D:1      | Noticed a soldier ant
     6 | D:1      | Noticed a basilisk
     7 | D:1      | Noticed a stone giant
     7 | D:1      | Noticed a hell rat
    79 | D:1      | Reached XP level 2. HP: 26/27 MP: 2/2
   149 | D:1      | Reached skill level 4 in Fighting
   512 | D:1      | Reached XP level 3. HP: 33/33 MP: 3/3
   963 | D:2      | Found a sparkling altar of Nemelex Xobeh.
  1198 | D:2      | Found a runed door.
  1249 | D:2      | Noticed Crazy Yiuf
  1256 | D:2      | Killed Crazy Yiuf
  1256 | D:2      | Reached XP level 4. HP: 14/41 MP: 4/4
  1602 | D:2      | Found a basalt altar of Yredelemnul.
  1995 | D:2      | You fall through a shaft!
  2123 | D:3      | Reached skill level 5 in Fighting
  2130 | D:3      | Reached XP level 5. HP: 48/48 MP: 5/5
  2416 | D:3      | Reached skill level 5 in Armour
  2752 | D:4      | Reached skill level 6 in Fighting
  2752 | D:4      | Reached XP level 6. HP: 45/57 MP: 6/6
  2793 | D:4      | Noticed RepoMan's ghost (amateur DrTm)
  2857 | D:4      | Killed RepoMan's ghost
  2857 | D:4      | Reached skill level 7 in Fighting
  2857 | D:4      | Reached XP level 7. HP: 49/66 MP: 7/7
  3353 | D:4      | Became a worshipper of Beogh the Brigand
  3501 | D:4      | Noticed Natasha
  3507 | D:4      | Killed Natasha
  3507 | D:4      | Reached skill level 8 in Fighting
  3677 | D:4      | Noticed Natasha
  3684 | D:4      | Killed Natasha
  3695 | D:4      | Noticed Natasha
  3699 | D:4      | Killed Natasha
  3798 | D:5      | Entered Level 5 of the Dungeon
  3999 | D:5      | Reached skill level 9 in Fighting
  4082 | D:5      | Found a staircase to the Ecumenical Temple.
  4196 | D:5      | Reached XP level 8. HP: 78/78 MP: 8/8
  4236 | D:5      | Found an opulent altar of Gozag.
  4479 | D:5      | Noticed Sigmund
  4749 | D:5      | Killed Sigmund
  4749 | D:5      | Reached skill level 10 in Fighting
  4755 | D:5      | Reached * piety under Beogh
  5109 | D:5      | Identified the Catalogue of Conjuration and Transformation
  5146 | D:5      | Reached skill level 11 in Fighting
  5433 | D:6      | Reached XP level 9. HP: 89/89 MP: 9/9
  5587 | D:6      | Reached ** piety under Beogh
  5997 | D:6      | You fall through a shaft!
  6038 | D:7      | Reached skill level 5 in Axes
  6844 | D:7      | Found Oscheciu's Book Shop.
  7859 | D:8      | Noticed Joseph
  7879 | D:8      | Killed Joseph
  7879 | D:8      | Reached skill level 10 in Axes
  7879 | D:8      | Reached XP level 10. HP: 69/97 MP: 10/10
  7996 | D:8      | Noticed Prince Ribbit
  7998 | D:8      | Found a staircase to the Lair.
  8108 | D:8      | Found a shadowy altar of Dithmenos.
  8116 | D:8      | Found a hazy altar of Hepliaklqana.
  8118 | D:8      | Found a glowing silver altar of Zin.
  8221 | D:8      | Found a bloodstained altar of Trog.
  8402 | D:8      | Found a sacrificial altar of Ru.
  8479 | D:8      | You fall through a shaft!
  8561 | D:9      | Noticed Psyche
  8618 | D:9      | Killed Psyche
  8618 | D:9      | Reached *** piety under Beogh
  8965 | D:9      | Paralysed by fainting for 5 turns
  9035 | D:9      | Gained Murdo as an ally
  9109 | D:9      | Got a fine platinum ring
  9160 | D:9      | Identified the ring of the Magpie {Ice -Tele +Fly rPois MR+} (You found it on level 9 of the Dungeon)
  9340 | D:9      | Reached skill level 12 in Fighting
  9406 | D:10     | Entered Level 10 of the Dungeon
  9523 | D:10     | Found a flagged portal.
  9533 | Bailey   | Entered a bailey
  9559 | Bailey   | Gained Ogrik as an ally
  9560 | Bailey   | Reached **** piety under Beogh
  9610 | Bailey   | Got a jade-encrusted scale mail
  9621 | Bailey   | Identified the +4 scale mail "Arruhihe" {Str+3} (You found it in a bailey)
  9766 | D:10     | Found an opulent altar of Gozag.
  9832 | D:10     | Found a staircase to the Orcish Mines.
  9841 | D:10     | Reached skill level 1 in Throwing
  9946 | D:10     | Noticed a two-headed ogre
  9952 | D:10     | Killed a two-headed ogre
 10260 | D:11     | Gained Korbok as an ally
 10286 | D:11     | Killed an unseen horror
 10286 | D:11     | Reached XP level 11. HP: 62/104 MP: 11/11
 10369 | D:11     | Noticed Nergalle
 10427 | D:11     | Gained Bogdan as an ally
 10556 | D:11     | Noticed a cyclops
 10571 | D:11     | Killed a cyclops
 10713 | D:11     | Noticed a purple ugly thing
 10721 | D:11     | Killed a purple ugly thing
 10803 | D:12     | Noticed a cyan ugly thing
 10810 | D:12     | Killed a cyan ugly thing
 10975 | D:12     | Noticed Nessos
 10993 | D:12     | Your ally died
 11004 | D:12     | Killed Nessos
 11158 | D:12     | Noticed a tengu warrior
 11168 | D:12     | Killed a tengu warrior
 11170 | D:12     | Reached skill level 15 in Axes
 11172 | D:12     | Reached ***** piety under Beogh
 11294 | D:12     | Noticed a manticore
 11299 | D:12     | Killed a manticore
 11529 | D:12     | Gained Learuk as an ally
 11662 | D:12     | Noticed Sonja
 11675 | D:12     | Killed Sonja
 11728 | D:12     | Noticed a cyclops
 11741 | D:12     | Killed a cyclops
 11845 | D:13     | Noticed Urug
 11851 | D:13     | Killed Urug
 11860 | D:13     | Reached XP level 12. HP: 96/113 MP: 12/12
 11876 | D:13     | Noticed a seven-headed hydra
 11884 | D:13     | Killed a seven-headed hydra
 11917 | D:13     | Found Totwaoff's Antique Armour Shop.
 11920 | D:13     | Gained Boruk as an ally
 11940 | D:13     | Found Erefuic's Jewellery Shoppe.
 11941 | D:13     | Bought a heavily runed chain mail for 304 gold pieces
 11941 | D:13     | Bought a pair of glowing gloves for 240 gold pieces
 11986 | D:13     | Found Apeptodgh's Weapon Emporium.
 11997 | D:13     | Reached skill level 13 in Fighting
 12009 | D:13     | Identified the +3 chain mail of Vekig {rPois rC- Int+2} (You bought it in a shop on level 13 of the Dungeon)
 12034 | D:13     | Bought an uncursed ring of poison resistance for 240 gold pieces
 12086 | D:13     | Found Ireskyto's Food Boutique.
 12114 | D:13     | Found Uboemua's Book Shoppe.
 12268 | D:13     | Noticed an eight-headed hydra
 12277 | D:13     | Killed an eight-headed hydra
 12520 | D:14     | Noticed a four-headed hydra
 12532 | D:14     | Killed a six-headed hydra
 12533 | D:14     | Reached skill level 1 in Invocations
 12766 | D:14     | Gained Orgrim as an ally
 12792 | D:14     | Noticed a vault guard
 12806 | D:14     | Noticed a vault guard
 12811 | D:14     | Killed a vault guard
 12820 | D:14     | Noticed a vault guard
 12822 | D:14     | Noticed a vault guard
 12826 | D:14     | Your ally Learuk died
 12828 | D:14     | Killed a vault guard
 12828 | D:14     | Reached skill level 10 in Armour
 12832 | D:14     | Found a gate to the Vaults.
 12834 | D:14     | Killed a vault guard
 12839 | D:14     | Killed a vault guard
 13075 | D:14     | Noticed a death knight
 13084 | D:14     | Killed a death knight
 13085 | D:14     | Reached XP level 13. HP: 44/123 MP: 14/14
 13246 | D:14     | Reached skill level 14 in Fighting
 14020 | D:8      | Killed Prince Ribbit
 14052 | Lair:1   | Entered Level 1 of the Lair of Beasts
 14058 | Lair:1   | Noticed martinkus's ghost (novice GrFi)
 14066 | Lair:1   | Killed martinkus's ghost
 15297 | Lair:2   | Found a hole to the Spider Nest.
 15551 | Lair:3   | Got a sparkling crystal amulet
 15963 | Lair:3   | Identified the amulet of the Traitor {Harm *Drain +Inv Str+2 Dex+4} (You found it on level 3 of the Lair of Beasts)
 16395 | Lair:4   | Found a staircase to the Swamp.
 16549 | Lair:4   | Got a faintly humming chain mail
 16552 | Lair:4   | Identified the cursed +0 chain mail "Cuomoib" {rPois rF+ rN+ SInv} (You found it on level 4 of the Lair of Beasts)
 17377 | Lair:5   | Reached XP level 14. HP: 88/133 MP: 16/16
 17683 | Lair:5   | Reached ****** piety under Beogh
 17683 | Lair:5   | Reached skill level 15 in Fighting
 18083 | Lair:6   | Entered Level 6 of the Lair of Beasts
 18109 | Lair:6   | Noticed Worldyogurt's ghost (journeyman DsFi)
 18117 | Lair:6   | Killed Worldyogurt's ghost
 18117 | Lair:6   | Gained Orkrul as an ally
 18121 | Lair:6   | Gained Ugbert as an ally
 18407 | Lair:6   | Reached skill level 16 in Fighting
 19408 | Swamp:1  | Entered Level 1 of the Swamp
 19518 | Swamp:1  | Gained Ugrim as an ally
 19520 | Swamp:1  | Your ally Murdo died
 19846 | Swamp:1  | Gained Borgun as an ally
 19908 | Swamp:1  | Noticed Frances
 19924 | Swamp:1  | Killed Frances
 19924 | Swamp:1  | Reached skill level 17 in Fighting
 20098 | Swamp:1  | Noticed a tentacled monstrosity
 20105 | Swamp:1  | Killed a tentacled monstrosity
 20105 | Swamp:1  | Reached XP level 15. HP: 146/147 MP: 15/18
 20630 | Swamp:2  | Noticed Kirke
 20639 | Swamp:2  | Killed Kirke
 20639 | Swamp:2  | Reached skill level 5 in Invocations
 20699 | Swamp:2  | Your ally Ugbert died
 20927 | Swamp:2  | Noticed Donald
 20938 | Swamp:2  | Killed Donald
 21099 | Swamp:3  | Noticed a thorn hunter
 21105 | Swamp:3  | Killed a thorn hunter
 21405 | Swamp:3  | Reached skill level 18 in Fighting
 21953 | Swamp:3  | Your ally Korbok died
 21954 | Swamp:3  | Your ally Bogdan died
 21997 | Swamp:4  | Entered Level 4 of the Swamp
 22014 | Swamp:4  | Noticed a tentacled monstrosity
 22025 | Swamp:4  | Killed a tentacled monstrosity
 22039 | Swamp:4  | Your ally Orkrul died
 22358 | Swamp:4  | Your ally Borgun died
 22359 | Swamp:4  | Your ally Ugrim died
 22359 | Swamp:4  | Your ally Orgrim died
 22363 | Swamp:4  | Your ally Ogrik died
 22367 | Swamp:4  | Your ally Boruk died
 22449 | Swamp:4  | Noticed the 27-headed Lernaean hydra
 22699 | Orc:1    | Entered Level 1 of the Orcish Mines
 22796 | Orc:2    | Entered Level 2 of the Orcish Mines
 22796 | Orc:2    | Found a staircase to the Elven Halls.
 22796 | Orc:2    | Found Inudd's Gadget Shop.
 22806 | Orc:2    | Reached skill level 19 in Fighting
 22829 | Orc:2    | Bought a wand of digging (11) for 330 gold pieces
 22846 | Orc:2    | Noticed Maurice
 22854 | Orc:2    | Killed Maurice
 22955 | Orc:2    | Found a roughly hewn altar of Beogh.
 22975 | Orc:2    | Found a roughly hewn altar of Beogh.
 22984 | Orc:2    | Found Moddac's Assorted Antiques.
 22989 | Orc:2    | Bought a scroll of enchant armour for 240 gold pieces
 22996 | Orc:2    | Gained Learuk as an ally
 23065 | Orc:2    | Found a roughly hewn altar of Beogh.
 23065 | Orc:2    | Found Ichochi's Weapon Shop.
 23083 | Orc:2    | Gained Morun as an ally
 23098 | Orc:2    | Found a roughly hewn altar of Beogh.
 23241 | Orc:2    | Found a roughly hewn altar of Beogh.
 23337 | Orc:2    | Found a roughly hewn altar of Beogh.
 23429 | Orc:2    | Noticed an orc warlord
 23433 | Orc:2    | Found Leps's Antique Armour Shoppe.
 23442 | Orc:2    | Killed an orc warlord
 23443 | Orc:2    | Found a roughly hewn altar of Beogh.
 23448 | Orc:2    | Gained Olfik as an ally
 23456 | Orc:2    | Found Ofoitoiz's Antique Weapon Emporium.
 23508 | Orc:2    | Bought a glowing battleaxe for 332 gold pieces
 24424 | Spider:1 | Entered Level 1 of the Spider Nest
 24515 | Spider:1 | Reached XP level 16. HP: 141/160 MP: 20/20
 24565 | Spider:1 | Your ally Learuk died
 24618 | Spider:1 | Gained Zorug as an ally
 24652 | Spider:1 | Gained Arkwar as an ally
 24733 | Spider:1 | Gained Nordag as an ally
 24805 | Spider:1 | Reached skill level 20 in Fighting
 24871 | Spider:1 | Reached skill level 15 in Armour
 24887 | Spider:1 | Gained Bogward as an ally
 25477 | Spider:1 | Noticed Nikola
 25491 | Spider:1 | Killed Nikola
 25765 | Spider:1 | Gained Thorok as an ally
 26104 | Spider:2 | Your ally Thorok died
 26129 | Spider:2 | Your ally Morun died
 26187 | Spider:2 | Your ally Nordag died
 26897 | Spider:2 | Reached skill level 21 in Fighting
 26905 | Spider:2 | Noticed Roxanne
 26927 | Spider:2 | Killed Roxanne
 27794 | Spider:3 | Gained Rocco as an ally
 27796 | Spider:3 | Gained Arbolt as an ally
 27797 | Spider:3 | Reached XP level 17. HP: 119/173 MP: 20/22
 27890 | Spider:3 | Your ally Arbolt died
 27892 | Spider:3 | Your ally Rocco died
 28261 | Spider:4 | Entered Level 4 of the Spider Nest
 28303 | Spider:4 | Your ally Olfik died
 28323 | Spider:4 | Your ally Arkwar died
 28353 | Spider:4 | Your ally Zorug died
 28364 | Spider:4 | Your ally Bogward died
 28498 | Spider:4 | Reached skill level 22 in Fighting
 28883 | Spider:4 | Gained Margrim as an ally
 28894 | Spider:4 | Your ally Margrim died
 28922 | Spider:4 | Gained Morguth as an ally
 28927 | Spider:4 | Your ally Morguth died
 28928 | Spider:4 | Gained Bladwarg as an ally
 28934 | Spider:4 | Your ally Bladwarg died
 30016 | Spider:4 | Got a gossamer rune of Zot
 30462 | Vaults:1 | Entered Level 1 of the Vaults
 30596 | Vaults:1 | Gained Rocco as an ally
 30888 | Vaults:1 | Found Babing's Book Emporium.
 30888 | Vaults:1 | Found Fiutaegh's Antique Armour Emporium.
 30923 | Vaults:1 | Reached skill level 23 in Fighting
 31068 | Vaults:1 | Found Nog Lyom's General Store.
 31770 | Vaults:2 | Reached XP level 18. HP: 188/188 MP: 23/23
 31847 | Vaults:2 | Your ally Rocco died
 31942 | Vaults:2 | Hit by a large rock thrown by a cyclops

Skill      XL: |  1  2  3  4  5  6  7  8  9 10 11 12 13 14 15 16 17 |
---------------+----------------------------------------------------+-----
Fighting       | 4 5 6 7 9 11 12 13 14 17 19 21 23 | 23.4
Armour         | 4 5 6 7 8 9 10 11 13 14 15 16 | 16.8
Axes           | 3 10 13 16 18 20 | 20.0
Throwing       | 2 |  2.8
Invocations    | 2 3 4 5 6 7 |  7.5
Polearms       | |  0.1
Shields        | |  3.6

Action                   |  1- 3 |  4- 6 |  7- 9 | 10-12 | 13-15 | 16-18 || total
-------------------------+-------+-------+-------+-------+-------+-------++-------
Melee: War axe           |   101 |   142 |   157 |   177 |    46 |       ||   623
       Battleaxe         |       |       |   209 |   361 |   713 |   735 ||  2018
       Falchion          |       |       |    13 |       |       |       ||    13
       Demon trident     |       |       |       |     3 |       |       ||     3
Throw: Tomahawk          |       |       |       |    33 |       |       ||    33
       Throwing net      |       |       |       |     1 |       |       ||     1
Invok: Convert to Beogh  |       |       |     1 |       |       |       ||     1
       Smiting           |       |       |       |     5 |    12 |    13 ||    30
       Give Item to Name |       |       |       |     2 |     4 |     1 ||     7
       Recall Orcish Fol |       |       |       |       |    33 |    14 ||    47
       Stop Recall       |       |       |       |       |     1 |     8 ||     9
       Resurrection      |       |       |       |       |       |     1 ||     1
Evoke: Wand              |       |       |       |     1 |     2 |       ||     3
  Use: Scroll            |     7 |       |     5 |    12 |    30 |     7 ||    61
       Potion            |       |       |       |     2 |     6 |     4 ||    12
 Stab: Distracted        |       |       |       |     4 |    12 |     8 ||    24
       Invisible         |       |       |       |       |     2 |       ||     2
       Confused          |       |       |       |       |     2 |       ||     2
       Paralysed         |       |       |       |       |       |     1 ||     1
  Eat: Chunk             |     1 |     4 |    13 |    15 |    17 |     9 ||    59
       Ration            |       |       |     1 |     2 |     6 |     4 ||    13
Armor: Scale mail        |    33 |       |       |   143 |       |       ||   176
       Ring mail         |    18 |    63 |   274 |       |       |       ||   355
       Chain mail        |       |       |     7 |   293 |   484 |       ||   784
       Plate armour      |       |       |       |       |    19 |   739 ||   758
Dodge: Dodged            |    46 |    37 |   237 |   325 |   311 |   232 ||  1188
       Deflected         |       |       |       |    12 |     2 |       ||    14
Block: Shield            |    57 |    70 |    83 |       |       |       ||   210
       Rpst.: Falchion   |       |       |     4 |       |       |       ||     4
